AoeStats
← Caribe

Hideout

509136060Analyzed
1v1 RM · 6d ago on Sep 25, 2026· 25m 27s· 2 players
Game mode
Random Map
Map size
Tiny (2 player)
Population
200
Speed
Normal
Resources
Standard
Victory
Conquest
Starting age
Dark Age
Ending age
Imperial Age
RankedLock teamsTeams togetherTeam positionsShared explorationLock speedFull tech treeHidden civsTurbo modeCheats
Victory
Defeat
🇬🇧 Celts · United Kingdom
1243
+17
🇻🇪 Vietnamese · Venezuela
1266
-17
Somtop
10:21 Feudal Age
11:19 Loom
14:19 Castle Age
12:25 Double-Bit Axe
14:20 Gold Mining
Caribe
11:25 Feudal Age
14:57 Castle Age
14:28 Double-Bit Axe
14:26 Horse Collar
15:49 Heavy Plow
15:42 Loom
17:44 Forging
20:53 Bloodlines
21:31 Husbandry
Connection lost

Rejoining the realm…

Still unreachable

The connection could not be restored.

Session expired

The server has moved on; the page needs a fresh start.